NYP
ABERDEEN IRONBIRDS @ CHICAGO (NYP) WHITE SOX
05/02/2044
 
TOP OF THE 1ST
Aberdeen Ironbirds batting - Pitching for Chicago (NYP) White Sox : RHP Chad Rice
Pitching: RHP Chad Rice
Batting: RHB Rudo Garciaparra 0-0: Foul Ball, location: 2F
0-1: Ball
1-1: Ball
2-1: Foul Ball, location: 2F
2-2: Ball
3-2: Strikes out swinging
Batting: RHB Jordan Wallace 0-0: Ball
1-0: Called Strike
1-1: Called Strike
1-2: Strikes out looking
Batting: LHB Raul Rojas 0-0: Ball
1-0: SINGLE (Groundball, 3D, EV 96.9 MPH)
Batting: SHB Jorge Brito 0-0: Ball
1-0: Ball
2-0: Swinging Strike
2-1: Ball
3-1: Base on Balls
Raul Rojas to second
Batting: LHB David Best 0-0: Swinging Strike
0-1: Foul Ball, location: 2F
0-2: Strikes out looking
Top of the 1st over - 0 runs, 1 hit, 0 errors, 2 left on base; Aberdeen 0 - Chicago (NYP) 0
BOTTOM OF THE 1ST
Chicago (NYP) White Sox batting - Pitching for Aberdeen Ironbirds : RHP Brent Widder
Pitching: RHP Brent Widder
Batting: RHB Emil Wilbrink 0-0: Ball
1-0: Ground out 4-3 (Groundball, 34, EV 105.6 MPH)
Batting: RHB Jeremy Hoffert 0-0: Ball
1-0: Reached on error, E6 (Groundball, 6, EV 80.6 MPH)
Batting: RHB Dusty Ballard 0-0: Called Strike
Jeremy Hoffert steals 2nd base (no throw)
0-1: Called Strike
0-2: Ball
1-2: Foul Ball, location: 2F
1-2: Foul Ball, location: 2F
1-2: Ball
2-2: Strikes out looking
Batting: LHB Brandon Hopper 0-0: Ball
1-0: Called Strike
1-1: DOUBLE (Line Drive, 78M, EV 100.6 MPH)
Jeremy Hoffert scores
Batting: LHB James Groshong 0-0: Ground out 1-3 (Groundball, 13S, EV 65.0 MPH)
Bottom of the 1st over - 1 run, 1 hit, 1 error, 1 left on base; Aberdeen 0 - Chicago (NYP) 1
TOP OF THE 2ND
Aberdeen Ironbirds batting - Pitching for Chicago (NYP) White Sox : RHP Chad Rice
Batting: RHB Travis Carter 0-0: Ball
1-0: Called Strike
1-1: Bunt for hit to 2R - play at first, batter OUT! 2-3
Batting: LHB Bill Ostlund 0-0: Ball
1-0: Ball
2-0: Swinging Strike
2-1: SINGLE (Groundball, 34D, EV 101.9 MPH)
Batting: RHB Juan Estrada 0-0: Ball
1-0: Called Strike
1-1: Ball
2-1: Ball
3-1: Fielders Choice at 2nd, 5-4 (Groundball, 56S, EV 93.8 MPH)
Batting: LHB Shane Free 0-0: Foul Ball, location: 2F
0-1: Called Strike
0-2: SINGLE (Groundball, 34D, EV 110.0 MPH)
Juan Estrada to second
Batting: RHB Rudo Garciaparra 0-0: Ground out 5-3 (Groundball, 25, EV 89.4 MPH)
Top of the 2nd over - 0 runs, 2 hits, 0 errors, 2 left on base; Aberdeen 0 - Chicago (NYP) 1
BOTTOM OF THE 2ND
Chicago (NYP) White Sox batting - Pitching for Aberdeen Ironbirds : RHP Brent Widder
Batting: RHB Jesse Loomis 0-0: Foul Ball, location: 2F
0-1: SINGLE (Groundball, 6D, EV 101.2 MPH)
Batting: RHB Victor Orozco 0-0: Called Strike
0-1: Ball
1-1: Ball
2-1: Ball
3-1: Foul Ball, location: 2F
3-2: Strikes out swinging
Batting: RHB Daniel Underhay 0-0: Ball
1-0: Ball
2-0: Fly out, F4 (Popup, 4D, EV 48.1 MPH)
Batting: RHB David Laureano 0-0: Ball
1-0: Foul Ball, location: 2F
1-1: Swinging Strike
1-2: Ball
2-2: Foul Ball, location: 2F
2-2: Foul Ball, location: 2F
2-2: Strikes out swinging
Bottom of the 2nd over - 0 runs, 1 hit, 0 errors, 1 left on base; Aberdeen 0 - Chicago (NYP) 1
TOP OF THE 3RD
Aberdeen Ironbirds batting - Pitching for Chicago (NYP) White Sox : RHP Chad Rice
Batting: RHB Jordan Wallace 0-0: Swinging Strike
0-1: Foul Ball, location: 2F
0-2: Ball
1-2: Strikes out swinging
Batting: LHB Raul Rojas 0-0: Ball
1-0: Foul Ball, location: 2F
1-1: Ball
2-1: Foul Ball, location: 2F
2-2: Ball
3-2: Foul Ball, location: 2F
3-2: Base on Balls
Batting: SHB Jorge Brito 0-0: Foul Ball, location: 2F
0-1: Called Strike
0-2: Foul Ball, location: 2F
0-2: Ball
1-2: Foul Ball, location: 2F
1-2: Foul Ball, location: 2F
1-2: Ball
2-2: Strikes out swinging
Batting: LHB David Best Pickoff Throw to First - Out! 1-3
Top of the 3rd over - 0 runs, 0 hits, 0 errors, 0 left on base; Aberdeen 0 - Chicago (NYP) 1
BOTTOM OF THE 3RD
Chicago (NYP) White Sox batting - Pitching for Aberdeen Ironbirds : RHP Brent Widder
Batting: RHB Emil Wilbrink 0-0: Ball
1-0: Called Strike
1-1: Called Strike
1-2: Ball
2-2: Strikes out swinging
Batting: RHB Jeremy Hoffert 0-0: Ball
1-0: Ball
2-0: Ball
3-0: Called Strike
3-1: Called Strike
3-2: Strikes out swinging
Batting: RHB Dusty Ballard 0-0: Ball
1-0: Foul Ball, location: 2F
1-1: Ball
2-1: Foul Ball, location: 2F
2-2: Strikes out swinging
Bottom of the 3rd over - 0 runs, 0 hits, 0 errors, 0 left on base; Aberdeen 0 - Chicago (NYP) 1
TOP OF THE 4TH
Aberdeen Ironbirds batting - Pitching for Chicago (NYP) White Sox : RHP Chad Rice
Batting: LHB David Best 0-0: Ball
1-0: Foul Ball, location: 2F
1-1: Foul Ball, location: 2F
1-2: Ball
2-2: Foul Ball, location: 2F
2-2: Foul Ball, location: 2F
2-2: Foul Ball, location: 2F
2-2: Ball
3-2: Fly out, F5 (Popup, 5SF, EV 70.6 MPH)
Batting: RHB Travis Carter 0-0: Ball
1-0: Called Strike
1-1: Ball
2-1: Foul Ball, location: 2F
2-2: Fly out, F9 (Flyball, 89S, EV 88.8 MPH)
Batting: LHB Bill Ostlund 0-0: Ball
1-0: Ball
2-0: Ground out U3 (Groundball, 3, EV 80.6 MPH)
Top of the 4th over - 0 runs, 0 hits, 0 errors, 0 left on base; Aberdeen 0 - Chicago (NYP) 1
BOTTOM OF THE 4TH
Chicago (NYP) White Sox batting - Pitching for Aberdeen Ironbirds : RHP Brent Widder
Batting: LHB Brandon Hopper 0-0: Fly out, F3 (Popup, 34, EV 64.4 MPH)
Batting: LHB James Groshong 0-0: Ball
1-0: Swinging Strike
1-1: Called Strike
1-2: Strikes out looking
Batting: RHB Jesse Loomis 0-0: Ball
1-0: SINGLE (Line Drive, 9S, EV 89.4 MPH)
Batting: RHB Victor Orozco 0-0: Ball
1-0: Ball
2-0: Called Strike
2-1: Fielders Choice at 2nd, 6-4 (Groundball, 56, EV 82.5 MPH)
Bottom of the 4th over - 0 runs, 1 hit, 0 errors, 1 left on base; Aberdeen 0 - Chicago (NYP) 1
TOP OF THE 5TH
Aberdeen Ironbirds batting - Pitching for Chicago (NYP) White Sox : RHP Chad Rice
Batting: RHB Juan Estrada 0-0: Foul Ball, location: 2F
0-1: Called Strike
0-2: Strikes out swinging
Batting: LHB Shane Free 0-0: Called Strike
0-1: Foul Ball, location: 2F
0-2: Foul Ball, location: 2F
0-2: Ball
1-2: Strikes out swinging
Batting: RHB Rudo Garciaparra 0-0: Ball
1-0: Ball
2-0: Called Strike
2-1: Ball
3-1: Called Strike
3-2: DOUBLE (Flyball, 78XD, EV 102.5 MPH)
Batting: RHB Jordan Wallace 0-0: Called Strike
0-1: Swinging Strike
0-2: Foul Ball, location: 2F
0-2: Foul Ball, location: 2F
0-2: Ball
1-2: Ball
2-2: Foul Ball, location: 2F
2-2: Ball
3-2: Fly out, F7 (Flyball, 7, EV 89.4 MPH)
Top of the 5th over - 0 runs, 1 hit, 0 errors, 1 left on base; Aberdeen 0 - Chicago (NYP) 1
BOTTOM OF THE 5TH
Chicago (NYP) White Sox batting - Pitching for Aberdeen Ironbirds : RHP Brent Widder
Batting: RHB Daniel Underhay 0-0: Hit by Pitch
Batting: RHB David Laureano 0-0: Ball
1-0: Swinging Strike
1-1: Foul Ball, location: 2F
1-2: Foul Ball, location: 2F
1-2: Strikes out swinging
Batting: RHB Emil Wilbrink 0-0: Ball
1-0: Fly out, F8 (Flyball, 8LM, EV 86.9 MPH)
Batting: RHB Jeremy Hoffert 0-0: Ball
1-0: Called Strike
1-1: Fly out, F7 (Line Drive, 7, EV 93.1 MPH)
Bottom of the 5th over - 0 runs, 0 hits, 0 errors, 1 left on base; Aberdeen 0 - Chicago (NYP) 1
TOP OF THE 6TH
Aberdeen Ironbirds batting - Pitching for Chicago (NYP) White Sox : RHP Chad Rice
Pitching: LHP Wang Jing
Batting: LHB Raul Rojas 0-0: Called Strike
0-1: Ball
1-1: Ball
2-1: Swinging Strike
2-2: Strikes out swinging
Batting: SHB Jorge Brito 0-0: Ball
1-0: Ball
2-0: Foul Ball, location: 2F
2-1: Foul Ball, location: 2F
2-2: Strikes out swinging
Batting: LHB David Best 0-0: Ball
1-0: SINGLE (Groundball, 4MD, EV 107.5 MPH)
Batting: RHB Travis Carter 0-0: Ball
1-0: Ball
2-0: Ball
3-0: Fly out, F8 (Flyball, 8RXD, EV 110.0 MPH)
Top of the 6th over - 0 runs, 1 hit, 0 errors, 1 left on base; Aberdeen 0 - Chicago (NYP) 1
BOTTOM OF THE 6TH
Chicago (NYP) White Sox batting - Pitching for Aberdeen Ironbirds : RHP Brent Widder
Batting: RHB Dusty Ballard 0-0: Ball
1-0: Foul Ball, location: 2F
1-1: Swinging Strike
1-2: Ball
2-2: Strikes out swinging
Pitching: LHP Roger Farley
Batting: LHB Brandon Hopper 0-0: Ball
1-0: Ground out 6-3 (Groundball, 6, EV 96.9 MPH)
Batting: LHB James Groshong 0-0: Ball
1-0: Foul Ball, location: 2F
1-1: Called Strike
1-2: Ball
2-2: Ball
3-2: Foul Ball, location: 2F
3-2: Ground out 3-1 (Groundball, 34, EV 80.6 MPH)
Bottom of the 6th over - 0 runs, 0 hits, 0 errors, 0 left on base; Aberdeen 0 - Chicago (NYP) 1
TOP OF THE 7TH
Aberdeen Ironbirds batting - Pitching for Chicago (NYP) White Sox : LHP Wang Jing
Pitching: RHP Alex Garibay
Batting: LHB Bill Ostlund 0-0: Ball
1-0: Called Strike
1-1: Foul Ball, location: 2F
1-2: Foul Ball, location: 2F
1-2: SINGLE (Flyball, 7S, EV 90.6 MPH)
Batting: RHB Juan Estrada 0-0: Called Strike
0-1: Called Strike
0-2: Foul Ball, location: 2F
0-2: Ball
1-2: Foul Ball, location: 2F
1-2: Ground out 6-3 (Groundball, 6, EV 92.5 MPH)
Bill Ostlund to second
Batting: LHB Shane Free 0-0: Ground out 6-3 (Groundball, 6, EV 93.1 MPH)
Bill Ostlund to third
Batting: RHB Rudo Garciaparra 0-0: Called Strike
0-1: Ball
1-1: Ball
2-1: Swinging Strike
2-2: Strikes out swinging
Top of the 7th over - 0 runs, 1 hit, 0 errors, 1 left on base; Aberdeen 0 - Chicago (NYP) 1
BOTTOM OF THE 7TH
Chicago (NYP) White Sox batting - Pitching for Aberdeen Ironbirds : LHP Roger Farley
Pitching: RHP Jon Juarez
Batting: RHB Jesse Loomis 0-0: Ball
1-0: Called Strike
1-1: Ground out U3 (Groundball, 34, EV 92.5 MPH)
Batting: RHB Victor Orozco 0-0: Ball
1-0: Swinging Strike
1-1: Ground out U3 (Groundball, 34S, EV 83.8 MPH)
Batting: RHB Daniel Underhay 0-0: Swinging Strike
0-1: Swinging Strike
0-2: Ground out 5-3 (Groundball, 5S, EV 69.4 MPH)
Bottom of the 7th over - 0 runs, 0 hits, 0 errors, 0 left on base; Aberdeen 0 - Chicago (NYP) 1
TOP OF THE 8TH
Aberdeen Ironbirds batting - Pitching for Chicago (NYP) White Sox : RHP Alex Garibay
Batting: RHB Jordan Wallace 0-0: Called Strike
0-1: Called Strike
0-2: Ball
1-2: Ball
2-2: Foul Ball, location: 2F
2-2: Strikes out swinging
Pitching: LHP Yusufu Mustafa
Pinch Hitting: RHB Edwin Ramos 0-0: Swinging Strike
0-1: Ball
1-1: Swinging Strike
1-2: Strikes out swinging
Batting: SHB Jorge Brito 0-0: Ball
1-0: Foul Ball, location: 2F
1-1: Foul Ball, location: 2F
1-2: Ball
2-2: SINGLE (Flyball, 34D, EV 91.2 MPH)
Batting: RHB Hunter Neumann 0-0: Foul Ball, location: 2F
0-1: Swinging Strike
0-2: Ball
1-2: Strikes out swinging
Top of the 8th over - 0 runs, 1 hit, 0 errors, 1 left on base; Aberdeen 0 - Chicago (NYP) 1
BOTTOM OF THE 8TH
Chicago (NYP) White Sox batting - Pitching for Aberdeen Ironbirds : RHP Jon Juarez
Now at 1B: Edwin Ramos
Batting: RHB David Laureano 0-0: Ball
1-0: Called Strike
1-1: Ball
2-1: Foul Ball, location: 2F
2-2: Strikes out swinging
Batting: RHB Emil Wilbrink 0-0: Ball
1-0: Fly out, F8 (Line Drive, 8LD, EV 93.8 MPH)
Batting: RHB Jeremy Hoffert 0-0: Called Strike
0-1: Swinging Strike
0-2: Strikes out swinging
Bottom of the 8th over - 0 runs, 0 hits, 0 errors, 0 left on base; Aberdeen 0 - Chicago (NYP) 1
TOP OF THE 9TH
Aberdeen Ironbirds batting - Pitching for Chicago (NYP) White Sox : LHP Yusufu Mustafa
Pitching: LHP Steven Wolf
Now at 2B: Jason Bresnahan
Now at 3B: John DeVillier
Batting: RHB Travis Carter 0-0: Foul Ball, location: 2F
0-1: Ball
1-1: Ball
2-1: Ball
3-1: Foul Ball, location: 2F
3-2: Strikes out swinging
Batting: LHB Bill Ostlund 0-0: Ball
1-0: Ball
2-0: Foul Ball, location: 2F
2-1: Swinging Strike
2-2: Strikes out swinging
Batting: RHB Juan Estrada 0-0: Ball
1-0: Ball
2-0: Called Strike
2-1: Called Strike
2-2: Strikes out swinging
Top of the 9th over - 0 runs, 0 hits, 0 errors, 0 left on base; Aberdeen 0 - Chicago (NYP) 1
Thursday, March 31st , 2022 - OOTP Baseball 22.12 Build 89